 Dungeon Crawl Stone Soup version 0.18.1-8-gdd0e5ea (webtiles) character file.

793 Liquid the Sneak (level 7, 0/46 HPs)
             Began as a Vampire Enchanter on June 5, 2016.
             Was an Initiate of Ashenzari.
             Succumbed to a worker ant's poison
             ... on level 4 of the Dungeon.
             The game lasted 00:14:35 (4148 turns).

Liquid the Sneak (Vampire Enchanter)                Turns: 4148, Time: 00:14:36

Health: 0/46       AC:  5    Str:  7    XL:     7   Next: 57%
Magic:  0/13       EV: 15    Int: 20    God:    Ashenzari [......]
Gold:   242        SH:  0    Dex: 16    Spells: 4 memorised, 5 levels left

rFire  . . .     SeeInvis +     a - +1 dagger
rCold  . . .     Gourm    .     u - +0 robe (curse)
rNeg   . . .     Faith    +     (no shield)
rPois  .         Spirit   .     g - +0 helmet
rElec  .         Dismiss  .     e - +0 cloak
rCorr  .         Reflect  .     w - +0 pair of gloves
SustAt .         Harm     .     (no boots)
MR     .....                    s - amulet of faith
Stlth  +++++.....               n - +2 ring of intelligence
                                h - ring of stealth

@: lethally poisoned (0 -> -8), regenerating quickly, not resistant to hostile
enchantments, quite stealthy
A: fangs 3, see invisible, unbreathing
a: Curse Item, Renounce Religion


You were on level 4 of the Dungeon.
You worshipped Ashenzari.
Ashenzari was noncommittal.
You were full.

You visited 1 branch of the dungeon, and saw 5 of its levels.

You collected 242 gold pieces.

Inventory:

Hand Weapons
 a - a +1 dagger (weapon)
Armour
 b - a +1 robe
 e - a +0 cloak (worn)
 g - a +0 helmet (worn)
 u - a cursed +0 robe (worn)
 w - a +0 pair of gloves (worn)
 y - a +0 buckler
Jewellery
 h - a ring of stealth (left hand)
 n - a +2 ring of intelligence (right hand)
 s - an amulet of faith (around neck)
Wands
 z - a wand of acid (6/15)
Scrolls
 f - a scroll of random uselessness {unknown}
 i - 2 scrolls of remove curse
 k - a scroll of amnesia {unknown}
 l - a scroll of immolation {unknown}
 q - 2 scrolls of teleportation {unknown}
 v - a scroll of noise {unknown}
 x - a scroll of enchant weapon {unknown}
 A - a scroll of identify {unknown}
Potions
 d - 18 potions of blood
 m - 3 potions of curing {unknown}
 p - a potion of cure mutation {unknown}
 r - a potion of mutation {unknown}
 t - 2 potions of might {unknown}
Books
 c - a book of Maledictions

   Spells                             Type                      Level
   a - Corona                         Hexes                        1
   b - Ensorcelled Hibernation        Hexes/Ice                    2
   c - Confuse                        Hexes                        3
   d - Tukima's Dance                 Hexes                        3
   e - Dazzling Spray                 Conjuration/Hexes            3
 j - a book of Clouds

   Spells                             Type                      Level
   a - Mephitic Cloud                 Conjuration/Poison/Air       3
   b - Conjure Flame                  Conjuration/Fire             3
   c - Poisonous Cloud                Conjuration/Poison/Air       6
   d - Freezing Cloud                 Conjuration/Ice/Air          6
   e - Ring of Flames                 Charms/Fire                  7


   Skills:
 + Level 3.9 Short Blades
 + Level 4.9 Dodging
 + Level 7.3 Stealth
 + Level 4.1 Spellcasting
 + Level 6.7 Hexes


You had 5 spell levels left.
You knew the following spells:

 Your Spells              Type           Power        Failure   Level  Hunger
a - Corona                Hex            ####...      1%          1    None
b - Ensorcelled Hibernat  Hex/Ice        ###...       6%          2    #......
c - Confuse               Hex            ####....     2%          3    ###....
d - Tukima's Dance        Hex            ####....     2%          3    ###....


Dungeon Overview and Level Annotations

Branches:
Dungeon (5/15)             Temple (0/1) D:4

Altars:
Ashenzari
Qazlal


Innate Abilities, Weirdness & Mutations

Your natural rate of healing is unusually fast.
You have razor-sharp teeth.
You have supernaturally acute eyesight.
You can survive without breathing.


Message History

You feel sick. The worker ant bites you.
* * * LOW HITPOINT WARNING * * *
You are more poisoned.
The worker ant poisons you!
You climb upwards.
* * * LOW HITPOINT WARNING * * *
You feel sick.
There is a stone staircase leading down here.
Drink which item? (? for menu, Esc to quit)
Okay, then.
Casting: Ensorcelled Hibernation
Confirm with . or Enter, or press ? or * to list all spells.
You don't know that spell.
Casting: Ensorcelled Hibernation
Confirm with . or Enter, or press ? or * to list all spells.
Aiming: Ensorcelled Hibernation
Press: ? - help, Shift-Dir - straight line, f - worker ant
Aim: a worker ant (heavily wounded, chance to defeat MR: 56%)
The worker ant resists with significant effort.
You die...

# #..# #.##........... # ###.###
#.####...#.#..# # #.....## #.#
##.#.....#
#########......####.#####..###..#
..............#.##.........# #..#
...######......###.######..###...
##.######.....###...## ###......
.#........#.#.##.a...#######.....
.#........#.#...@.............###
.####.......####.....#######.##
##.⌠#.%...### ##...## ###
....#.....# ##.## ...#####..# #.#
...#...#..# #.# ...'......#
#.######## ...#...#.## #........#
...#####.# ########.#


You could see a worker ant.

Vanquished Creatures
  The ghost of Aquadorian the Skirmisher, a novice DsAK of Lugonu (D:5)
  An ice beast (D:5)
  An orc priest (D:3)
  A centaur zombie (D:5)
  A centaur skeleton (D:4)
  An iguana (D:3)
  2 orc wizards
  A worker ant (D:5)
  A hound skeleton (D:4)
  3 gnolls (D:5)
  4 adders
  2 oozes
  An adder skeleton (D:5)
  5 worms
  3 dart slugs
  5 giant geckos
  11 orcs
  6 giant cockroaches
  4 goblins
  9 hobgoblins
  8 jackals
  7 kobolds
  3 quokkas
  7 ball pythons
  6 bats
  A giant gecko zombie (D:5)
  5 giant newts
  A jackal skeleton (D:4)
  A quokka zombie (D:5)
  12 rats
114 creatures vanquished.

Notes
Turn   | Place    | Note
--------------------------------------------------------------
     0 | D:1      | Liquid the Vampire Enchanter began the quest for the Orb.
     0 | D:1      | Reached XP level 1. HP: 13/13 MP: 3/3
   301 | D:1      | Reached XP level 2. HP: 19/19 MP: 5/5
   401 | D:1      | Learned a level 2 spell: Ensorcelled Hibernation
   870 | D:2      | Reached XP level 3. HP: 14/24 MP: 3/6
  1226 | D:2      | Reached skill level 5 in Stealth
  1226 | D:2      | Reached skill level 5 in Hexes
  1269 | D:2      | Learned a level 3 spell: Confuse
  1482 | D:3      | Reached XP level 4. HP: 30/30 MP: 4/7
  1895 | D:3      | Reached XP level 5. HP: 27/35 MP: 2/9
  2082 | D:3      | Learned a level 3 spell: Tukima's Dance
  2130 | D:3      | Found a stormy altar of Qazlal.
  2513 | D:3      | Reached skill level 6 in Stealth
  2761 | D:4      | Found a staircase to the Ecumenical Temple.
  2812 | D:4      | Reached XP level 6. HP: 41/41 MP: 11/11
  2832 | D:4      | Found a shattered altar of Ashenzari.
  2848 | D:4      | Became a worshipper of Ashenzari the Shackled
  3283 | D:5      | Entered Level 5 of the Dungeon
  3508 | D:5      | Noticed an ice beast
  3522 | D:5      | Killed an ice beast
  3567 | D:5      | Noticed Aquadorian's ghost (novice DsAK)
  3869 | D:5      | Killed Aquadorian's ghost
  3869 | D:5      | Reached skill level 7 in Stealth
  3869 | D:5      | Reached XP level 7. HP: 28/46 MP: 0/13
  4146 | D:5      | HP: 2/46 [worker ant (6)]
  4148 | D:4      | Succumbed to a worker ant's poison

Skill      XL: |  1  2  3  4  5  6 |
---------------+-------------------+-----
Stealth        | 5 6 7 |  7.3
Hexes          | 5 6 |  6.7
Short Blades   | 2 3 |  3.9
Dodging        | 3 4 |  4.9
Spellcasting   | 3 4 |  4.1

Action                   |  1- 3 |  4- 6 |  7- 9 || total
-------------------------+-------+-------+-------++-------
Melee: Dagger            |   155 |   241 |    45 ||   441
       Bite              |    11 |    22 |     8 ||    41
 Cast: Ensorcelled Hiber |     7 |    36 |     4 ||    47
       Confuse           |       |    16 |     9 ||    25
  Use: Potion            |     7 |    17 |     1 ||    25
 Stab: Sleeping          |    18 |    36 |     1 ||    55
       Distracted        |       |     1 |       ||     1
       Confused          |       |     9 |     4 ||    13
Armor: Robe              |    37 |    44 |     2 ||    83
Dodge: Dodged            |    96 |   127 |    26 ||   249
